Match 46588252
Unlisted

Match 46588252
End
Kradschützen Motorcycle Team
Selects Armored Support Battlegroup
Panzergrenadier Squad
Panzergrenadier Squad
250 Light Carrier
Construct Light Support Kompanie
Combat Half-tracks
Selects Superior Fire Drills
Fire Support Elements
Assault Grenadier Squad
Panzerjäger Mechanized Group
Pak 38 Anti-tank Gun Team
Pak 38 Anti-tank Gun Team
Selects Salvage Kits
Flakvierling Half-track
Vehicle Survival Package
Selects Panzer Storm
Panzerjäger Mechanized Group
Selects Flammpanzer III Medium Tank
Flammpanzer III Medium Tank
Construct Mechanized Kompanie
Marder III Tank Destroyer
Panzergrenadier Squad
Firehawk
rpmman99
K̳itsuné
aSIIDemolitionHammer
0
0

Comments sign in to comment!

No comments posted yet!